 Dungeon Crawl Stone Soup version 0.17.0-15-g6d90897 (webtiles) character file.

10521 tp1 the Arsonist (level 11, -11/54 HPs)
             Began as a Deep Elf Conjurer on Nov 10, 2015.
             Was an Elder of Vehumet.
             Mangled by a hill giant
             ... wielding a +0 giant spiked club
              (22 damage)
             ... on level 12 of the Dungeon.
             The game lasted 01:11:46 (13092 turns).

tp1 the Arsonist (Deep Elf Conjurer)               Turns: 13092, Time: 01:11:46

Health: -11/54     AC:  8    Str:  5    XL:     11   Next: 37%
Magic:  21/27      EV: 13    Int: 24    God:    Vehumet [****..]
Gold:   162        SH:  0    Dex: 19    Spells: 7 memorised, 8 levels left

rFire  + . .     SeeInvis .     O - +1 spear
rCold  + . .     Clarity  .     P - +2 robe {MR+}
rNeg   . . .     SustAt   .     R - +1 buckler {rC+ rF+}
rPois  +         Gourm    .     I - +0 helmet
rElec  .         Spirit   .     L - +0 cloak
rCorr  .         Warding  .     m - +1 pair of gloves
rMut   +         Stasis   .     (no boots)
MR     ++...                    q - amulet of resist mutation
Stlth  +.........               M - +4 ring of dexterity
                                u - ring of poison resistance

@: confused, very resistant to hostile enchantments, very unstealthy
A: no striking features
a: Renounce Religion


You were on level 12 of the Dungeon.
You worshipped Vehumet.
Vehumet was greatly pleased with you.
You were not hungry.

You visited 2 branches of the dungeon, and saw 13 of its levels.

You collected 555 gold pieces.
You spent 393 gold pieces at shops.

Inventory:

Hand Weapons
 O - a +1 spear (weapon)
Missiles
 g - a javelin (quivered)
Armour
 a - a +0 robe
 m - a +1 pair of gloves (worn)
 t - a +0 leather armour
 I - a +0 helmet (worn)
 L - a +0 cloak (worn)
 P - a +2 robe of magic resistance (worn)
 R - a +1 buckler of resistance (worn)
Jewellery
 e - an uncursed ring of sustain attributes
 q - an amulet of resist mutation (around neck)
 u - a ring of poison resistance (left hand)
 A - an uncursed ring of protection from cold
 M - a +4 ring of dexterity (right hand)
 Q - an uncursed ring of protection from magic
 T - a +4 ring of strength {unknown}
Wands
 r - a wand of confusion (29)
 s - a wand of flame (18)
 x - a wand of random effects (22)
 N - a wand of fire (7)
 S - a wand of flame (21)
Scrolls
 i - 5 scrolls of remove curse
 n - 3 scrolls of fog
 y - a scroll of fear
 B - a scroll of enchant armour
 F - 2 scrolls of amnesia
 H - 6 scrolls of identify
 U - a scroll of teleportation {unknown}
 W - a scroll of enchant weapon
Potions
 d - a potion of ambrosia
 f - a potion of magic
 h - 7 potions of curing
 k - 3 potions of haste {unknown}
 p - a potion of flight {unknown}
 v - a potion of resistance {unknown}
 w - a potion of lignification {unknown}
 z - a potion of experience {unknown}
 C - a potion of poison {unknown}
Books
 b - a book of Conjurations

   Spells                             Type                      Level
   a - Magic Dart                     Conjuration                  1
   b - Searing Ray                    Conjuration                  2
   c - Dazzling Spray                 Conjuration/Hexes            3
   d - Fulminant Prism                Conjuration/Hexes            4
   e - Iskenderun's Mystic Blast      Conjuration                  4
   f - Iskenderun's Battlesphere      Conjuration/Charms           5
 l - a book of Envenomations

   Spells                             Type                      Level
   a - Spider Form                    Transmutation/Poison         3
   b - Alistair's Intoxication        Transmutation/Poison         4
   c - Olgreb's Toxic Radiance        Poison                       4
   d - Poisonous Cloud                Conjuration/Poison/Air       6
 K - a book of Geomancy

   Spells                             Type                      Level
   a - Sandblast                      Earth                        1
   b - Stoneskin                      Transmutation/Earth          2
   c - Passwall                       Transmutation/Earth          3
   d - Stone Arrow                    Conjuration/Earth            3
   e - Petrify                        Transmutation/Earth          4
   f - Lee's Rapid Deconstruction     Earth                        5
Miscellaneous
 D - a crystal ball of energy
Comestibles
 c - 7 bread rations
 o - 3 beef jerkies
 E - 4 slices of pizza
 G - 5 meat rations
 V - a royal jelly


   Skills:
 - Level 2.4 Dodging
 - Level 2.4 Stealth
 - Level 5.0 Shields
 - Level 10.0 Spellcasting
 - Level 8.3 Conjurations
 - Level 8.0 Charms
 + Level 12.1 Fire Magic
 - Level 6.0 Evocations


You had 8 spell levels left.
You knew the following spells:

 Your Spells              Type           Power        Failure   Level  Hunger
a - Magic Dart            Conj           ####         1%          1    None
b - Searing Ray           Conj           ######       1%          2    None
c - Throw Flame           Conj/Fire      ######       1%          2    None
d - Iskenderun's Battles  Conj/Chrm      ######..     1%          5    ####...
e - Inner Flame           Hex/Fire       #####...     1%          3    None
f - Force Lance           Conj/Tloc      ####....     3%          4    #......
g - Fireball              Conj/Fire      ######....   1%          5    ####...


Dungeon Overview and Level Annotations

Branches:
Dungeon (12/15)            Temple (1/1) D:4            Lair (0/8) D:10
    Orc (0/4) D:11

Altars:
Ashenzari
Cheibriados
Dithmenos
Elyvilon
Fedhas
Gozag
Kikubaaqudgha
Makhleb
Nemelex Xobeh
Okawaru
Qazlal
Ru
Sif Muna
Trog
Vehumet
Xom
Yredelemnul
Zin
The Shining One

Shops:
D:5 }   D:7 *   D:8 [

Annotations:
D:8 4 runed doors


Message History

The yak gores you.
* * * LOW HITPOINT WARNING * * *
Casting: Fireball
Confirm with . or Enter, or press ? or * to list all spells.
You don't know that spell.
Drink which item? (? for menu, Esc to quit)
You feel better.
You block the vampire mosquito's attack.
The vampire mosquito bites you!
* * * LOW HITPOINT WARNING * * *
The vampire mosquito draws strength from your injuries!
The yak gores you.
* * * LOW HITPOINT WARNING * * *
Drink which item? (? for menu, Esc to quit)
You are confused.
You feel invigorated.
The vampire mosquito bites you but does no damage.
The vampire mosquito misses you.
The hill giant hits you with a giant spiked club!!
You die...

*,* *,* *,* *********,* ######
*,,,,,,,,,, #....# *,*******,*
#....# *,* *,* #..Y.# *,* *,,
##..y@### *,* *** #...C.%.# *,*
#.%..%#(# *,*
***********#.#####.#***,*********
,,,,,,,,,,...,,,,...,,,,,,,,,,,,>
**,,,,,,,%##,***##.##**,*********
**,,,,,,,,**,,,,,..#***,****
**,,,,,,,,**,,,,,...,,,,,,,*
**,,,,,,,,**,,,,,..C***,**,*


You could see a hill giant, a yak and a vampire mosquito.

Vanquished Creatures
  Nergalle (D:11)
  A hill giant (D:11)
  2 centaur zombies
  Psyche (D:8)
  A gargoyle (D:11)
  3 kobold demonologists (D:11)
  A two-headed ogre (D:11)
  A wyvern (D:12)
  Sigmund (D:3)
  9 yaks
  A wraith (D:10)
  A spriggan (D:7)
  3 hungry ghosts
  A vampire mosquito (D:12)
  Eustachio (D:5)
  The ghost of timbw the Chopper, an amateur MiFi (D:5)
  2 ice beasts
  4 orc warriors
  5 ogres
  A centaur (D:7)
  2 phantoms
  The ghost of emiel the Grave Robber, an amateur MfNe (D:3)
  2 big kobolds
  4 giant frogs
  3 scorpions
  14 killer bees
  5 wights
  4 crimson imps
  2 centaur skeletons
  6 orc priests
  A gnoll shaman (D:8)
  A quasit (D:11)
  Ijyb (D:3)
  3 hounds
  3 jellies
  17 orc wizards
  Jessica (D:3)
  An iguana (D:8)
  A killer bee zombie (D:7)
  8 worker ants
  A hound zombie (D:5)
  3 hound skeletons
  A worker ant zombie (D:5)
  14 gnolls
  10 adders
  3 shadow imps
  2 adder zombies
  An ooze (D:1)
  2 adder skeletons
  2 worms
  2 giant geckos (D:1)
  50 orcs
  A ball python (D:6)
  3 giant cockroaches
  6 hobgoblins
  23 jackals
  17 kobolds
  6 bats
  7 giant newts
  11 goblins
  A jackal skeleton (D:2)
  2 quokkas
  A quokka skeleton (D:6)
  A quokka zombie (D:2)
  10 rats
301 creatures vanquished.

Notes
Turn   | Place    | Note
--------------------------------------------------------------
     0 | D:1      | tp1 the Deep Elf Conjurer began the quest for the Orb.
     0 | D:1      | Reached XP level 1. HP: 10/10 MP: 6/6
   254 | D:1      | Reached skill level 5 in Conjurations
   254 | D:1      | Reached XP level 2. HP: 15/15 MP: 1/8
   258 | D:1      | Learned a level 2 spell: Searing Ray
   445 | D:1      | Reached XP level 3. HP: 19/19 MP: 4/9
  1192 | D:2      | Reached skill level 6 in Conjurations
  1235 | D:2      | Found a glowing silver altar of Zin.
  1366 | D:2      | Found an opulent altar of Gozag.
  1486 | D:2      | Reached XP level 4. HP: 24/24 MP: 7/10
  1998 | D:3      | Noticed Jessica
  2002 | D:3      | Killed Jessica
  2037 | D:3      | Noticed emiel's ghost (amateur MfNe)
  2072 | D:3      | Killed emiel's ghost
  2072 | D:3      | Reached skill level 5 in Spellcasting
  2072 | D:3      | Reached XP level 5. HP: 23/28 MP: 2/15
  2079 | D:3      | Learned a level 5 spell: Iskenderun's Battlesphere
  2255 | D:3      | Reached skill level 1 in Charms
  2494 | D:3      | HP: 1/28 [poisoned by an adder]
  2938 | D:3      | Noticed Sigmund
  2963 | D:3      | Killed Sigmund
  2963 | D:3      | Reached skill level 5 in Charms
  2963 | D:3      | Reached XP level 6. HP: 19/32 MP: 8/16
  3110 | D:3      | Noticed Ijyb
  3184 | D:3      | Killed Ijyb
  3501 | D:4      | Reached skill level 7 in Charms
  3501 | D:4      | Reached XP level 7. HP: 36/36 MP: 8/17
  3754 | D:4      | Reached skill level 8 in Charms
  3798 | D:4      | Found a staircase to the Ecumenical Temple.
  3823 | Temple   | Entered the Ecumenical Temple
  3880 | Temple   | Became a worshipper of Vehumet
  3904 | D:4      | Found a burning altar of Makhleb.
  4240 | D:4      | Found a burning altar of Makhleb.
  4250 | D:4      | Found a staircase to the Ecumenical Temple.
  4719 | D:5      | Entered Level 5 of the Dungeon
  4731 | D:5      | Noticed timbw's ghost (amateur MiFi)
  4843 | D:5      | Killed timbw's ghost
  4854 | D:5      | Found a shattered altar of Ashenzari.
  4900 | D:5      | Found Rets's Gadget Boutique.
  4931 | D:5      | Bought a crystal ball of energy for 240 gold pieces
  5028 | D:5      | Noticed Eustachio
  5035 | D:5      | Reached XP level 8. HP: 41/41 MP: 16/22
  5038 | D:5      | Killed Eustachio
  5038 | D:5      | Reached * piety under Vehumet
  5038 | D:5      | Offered knowledge of Sting by Vehumet.
  5348 | D:5      | Reached skill level 5 in Evocations
  5530 | D:5      | Found Rets's Gadget Boutique.
  5540 | D:5      | Found a shattered altar of Ashenzari.
  6419 | D:7      | Offered knowledge of Throw Flame by Vehumet.
  6419 | D:7      | Reached XP level 9. HP: 45/45 MP: 20/23
  6423 | D:7      | Learned a level 2 spell: Throw Flame
  6431 | D:7      | Reached ** piety under Vehumet
  6467 | D:7      | Reached skill level 9 in Spellcasting
  6531 | D:7      | Reached skill level 10 in Spellcasting
  6698 | D:7      | Reached skill level 1 in Fire Magic
  7530 | D:7      | Found an ancient bone altar of Kikubaaqudgha.
  7580 | D:7      | Found Durrea's Assorted Antiques.
  7781 | D:7      | Offered knowledge of Inner Flame by Vehumet.
  7786 | D:7      | Learned a level 3 spell: Inner Flame
  8100 | D:7      | Reached skill level 5 in Fire Magic
  8131 | D:7      | Found Durrea's Assorted Antiques.
  8172 | D:7      | Found an ancient bone altar of Kikubaaqudgha.
  8765 | D:8      | Reached *** piety under Vehumet
  8824 | D:8      | Found an iron altar of Okawaru.
  8859 | D:8      | Noticed Psyche
  8865 | D:8      | Killed Psyche
  8896 | D:8      | Found a huge runed gate.
  8899 | D:8      | Found a huge runed gate.
  8900 | D:8      | Found a huge runed gate.
  8901 | D:8      | Found a huge runed gate.
  8902 | D:8      | Noticed a griffon
  8928 | D:8      | Reached XP level 10. HP: 35/50 MP: 6/26
  9073 | D:8      | Found Hiczaxte's Antique Armour Emporium.
  9087 | D:8      | Bought a glowing buckler for 153 gold pieces
  9333 | D:8      | Found a sacrificial altar of Ru.
  9498 | D:8      | Found a huge runed gate.
  9501 | D:8      | Found a huge runed gate.
  9502 | D:8      | Found a huge runed gate.
  9503 | D:8      | Found a huge runed gate.
  9602 | D:9      | Reached skill level 1 in Shields
  9867 | D:9      | Offered knowledge of Force Lance by Vehumet.
  9873 | D:9      | Learned a level 4 spell: Force Lance
 10318 | D:9      | Found a snail-covered altar of Cheibriados.
 10738 | D:9      | Found a snail-covered altar of Cheibriados.
 11154 | D:10     | Entered Level 10 of the Dungeon
 11452 | D:10     | Reached skill level 5 in Shields
 11503 | D:10     | Reached **** piety under Vehumet
 11586 | D:10     | Found a staircase to the Lair.
 11915 | D:10     | Offered knowledge of Fireball by Vehumet.
 11922 | D:10     | Learned a level 5 spell: Fireball
 12112 | D:11     | HP: 1/50 [centaur zombie (5)]
 12133 | D:11     | Reached skill level 10 in Fire Magic
 12197 | D:11     | Reached XP level 11. HP: 24/54 MP: 18/27
 12386 | D:11     | Noticed Nergalle
 12390 | D:11     | Killed Nergalle
 12390 | D:11     | Reached skill level 11 in Fire Magic
 12838 | D:11     | Found a staircase to the Orcish Mines.
 12852 | D:11     | Noticed a hill giant
 12853 | D:11     | Killed a hill giant
 13066 | D:11     | You fall through a shaft!
 13066 | D:12     | Noticed a hill giant
 13084 | D:12     | HP: 1/54 [vampire mosquito (12)]
 13085 | D:12     | Reached skill level 12 in Fire Magic
 13092 | D:12     | Mangled by a hill giant

Action                   |  1- 3 |  4- 6 |  7- 9 | 10-12 || total
-------------------------+-------+-------+-------+-------++-------
Melee: Short sword       |     2 |       |       |       ||     2
       Spear             |       |       |       |    11 ||    11
Throw: Javelin           |       |       |       |     1 ||     1
 Cast: Magic Dart        |    45 |    94 |   182 |   112 ||   433
       Searing Ray       |     4 |    12 |    17 |    13 ||    46
       Iskenderun's Batt |       |     4 |    50 |    33 ||    87
       Fireball          |       |       |       |    17 ||    17
       Inner Flame       |       |       |       |     3 ||     3
       Force Lance       |       |       |       |     4 ||     4
Evoke: Crystal ball of e |       |       |    10 |     3 ||    13
  Use: Scroll            |     5 |     4 |     6 |     4 ||    19
       Potion            |       |       |       |     7 ||     7
  Eat: Chunk             |     1 |     8 |    22 |    10 ||    41
       Meat ration       |       |       |     1 |       ||     1
       Fruit             |       |       |       |     3 ||     3
       Bread ration      |       |       |       |     2 ||     2
       Royal jelly       |       |       |       |     1 ||     1
       Beef jerky        |       |       |       |     1 ||     1
